 Dungeon Crawl Stone Soup version 0.25-a0-517-gf8b3a32422 (webtiles) character file.

Game seed: 1675515532232632155, levelgen mode: deterministic

51421 Lugonue the Severer (level 14, -5/193 HPs)
             Began as a Hill Orc Fighter on Feb 17, 2020.
             Was the Champion of Makhleb.
             Slain by a shadow demon (6 damage)
             ... on level 1 of the Abyss.
             The game lasted 00:45:47 (16305 turns).

Lugonue the Severer (Hill Orc Fighter)             Turns: 16305, Time: 00:45:50

Health: -5/193     AC: 14    Str: 20    XL:     14   Next: 59%
Magic:  0/16       EV:  2    Int:  8    God:    Makhleb [******]
Gold:   1426       SH: 13    Dex: 17    Spells: 13/13 levels left

rFire    . . .     SeeInvis .   a - +9 war axe (venom)
rCold    . . .     Gourm    .   c - +0 kite shield
rNeg     + + +     Faith    .   (armour currently unavailable)
rPois    +         Spirit   +   (helmet currently unavailable)
rElec    .         Reflect  .   (cloak currently unavailable)
rCorr    .         Harm     .   (gloves currently unavailable)
MR       +....     NoTele   +   (boots currently unavailable)
Stlth    +++.......             t - amulet of guardian spirit
HPRegen  0.42/turn              U - ring of positive energy
MPRegen  0.15/turn              y - +3 ring of protection

@: agile, tree-form, corroded, berserk cooldown, slowed, very slow
A: [blurry vision 1], [low mp 1], [weak 1], wild magic 1
a: Minor Destruction, Lesser Servant of Makhleb, Major Destruction, Greater
Servant of Makhleb, Renounce Religion


You were on level 1 of the Abyss.
You worshipped Makhleb.
Makhleb was exalted by your worship.
You were not hungry.
You were a tree.
You visited 4 branches of the dungeon, and saw 20 of its levels.
You visited the Abyss 1 time.

You collected 2221 gold pieces.
You spent 795 gold pieces at shops.

Inventory:

Hand Weapons
 a - a +9 war axe of venom (weapon)
 M - the +7 flail "Pibeanel" {freeze, Str+2}
   (You found it on level 13 of the Dungeon)

   It has been specially enchanted to freeze those struck by it, causing extra
   injury to most foes and up to half again as much damage against particularly
   susceptible opponents.
   It can also slow down cold-blooded creatures.
   It affects your strength (+2).
Missiles
 l - 18 poisoned darts
 w - 3 silver javelins
 B - 13 boomerangs (quivered)
 J - 8 atropa-tipped darts
 N - 7 javelins
Armour
 c - a +0 kite shield (worn)
 q - a +0 plate armour (melded)
 r - a +2 pair of gloves (melded)
 A - a +2 pair of boots (melded)
 C - a +2 hat (melded)
Jewellery
 b - an uncursed ring of see invisible
 n - an uncursed ring of ice
 t - an amulet of guardian spirit (around neck)
 y - a +3 ring of protection (right branch)
 H - an uncursed ring of positive energy
 U - a ring of positive energy (left branch)
Wands
 e - a wand of digging (6)
 z - a wand of iceblast (9)
 D - a wand of polymorph (3)
 E - a wand of acid (11)
 G - a wand of clouds (6)
 S - a wand of paralysis (10)
 T - a wand of disintegration (9)
Scrolls
 g - 5 scrolls of identify
 k - 12 scrolls of remove curse
 o - 3 scrolls of magic mapping
 p - a scroll of blinking
 K - a scroll of fog
 Q - a scroll of summoning
 R - 2 scrolls of enchant armour
Potions
 d - 5 potions of lignification
 h - 3 potions of flight
 i - 3 potions of agility
 j - a potion of ambrosia
 m - a potion of invisibility
 u - 2 potions of brilliance
 x - a potion of curing
 I - a potion of magic
Miscellaneous
 s - a phial of floods
 F - a fan of gales
Comestibles
 f - 25 rations


   Skills:
 + Level 13.5 Fighting
 + Level 18.1 Axes
 - Level 2.7 Throwing
 + Level 12.9 Armour
 - Level 0.3 Dodging
 + Level 12.3 Shields
 * Level 5.6 Invocations
 + Level 1.5 Evocations


You had 13 spell levels left.
You didn't know any spells.
Your spell library contained the following spells:

 Spells                   Type           Power        Failure   Level  Hunger
 Infusion                 Chrm           #...         61%         1    ##.....
 Sandblast                Erth           #.....       61%         1    ##.....
 Passwall                 Tmut/Erth      #.......     75%         2    ###....
 Shroud of Golubria       Chrm/Tloc      #.....       75%         2    ###....
 Song of Slaying          Chrm           #.......     75%         2    ###....
 Ozocubu's Armour         Chrm/Ice       #.......     92%         3    ####...
 Spectral Weapon          Hex/Chrm       #.......     92%         3    ####...
 Stone Arrow              Conj/Erth      #.....       92%         3    ####...
 Petrify                  Tmut/Erth      #.......     100%        4    #####..
 Lee's Rapid Deconstruct  Erth           #.........   100%        5    ######.


Dungeon Overview and Level Annotations

Branches:
Dungeon (13/15)            Temple (1/1) D:5            Lair (5/6) D:10
  Snake (0/4) Lair:2          Orc (2/2) D:11            Elf (0/3) Orc:2
  Swamp: Lair:2-4    Shoals: Lair:2-4     Slime: Lair:5-6    Vaults: D:13-14

Altars:
Ashenzari
Cheibriados
Dithmenos
Fedhas
Gozag
Hepliaklqana
Makhleb
Nemelex Xobeh
Okawaru
Sif Muna
Uskayaw
Vehumet
Wu Jian
Xom
Yredelemnul
The Shining One

Shops:
D:4 !   D:8 ?   D:12 %   Orc:2 :!%?*

Annotations:
D:5 2 runed translucent doors, Gruesome's ghost, novice TrHu
Lair:2 exclusion: ice statue
Lair:5 Sonja
Orc:1 Maurice


Innate Abilities, Weirdness & Mutations

((Your flesh is cold resistant. (rC+)))
Your spells are a little harder to cast, but a little more powerful.
[Scrolls take you a little longer to read.]
[Your magical capacity is low. (-10% MP)]
[You are weak. (Str -2)]


Message History

* * * LOW HITPOINT WARNING * * *
You slice the shadow demon!!
The shadow demon is moderately wounded.
You slash the sun demon!
The sun demon is poisoned.
You slash the ice devil! You barely miss the small abomination.
The small abomination hits you!
* * * LOW HITPOINT WARNING * * *
The red devil hits you from afar with a +0 demon trident of venom!
* * * LOW HITPOINT WARNING * * *
You are poisoned.
You block the sun demon's attack. You block the shadow demon's attack.
You block the ice devil's attack. The small abomination hits you.
* * * LOW HITPOINT WARNING * * *
You feel better. The sun demon hits you.
* * * LOW HITPOINT WARNING * * *
You are engulfed in flames!
* * * LOW HITPOINT WARNING * * *
You block the red devil's attack. The small abomination hits you.
* * * LOW HITPOINT WARNING * * *
You block the ice devil's attack. The shadow demon hits you.
You die...

#... ## .##
.#.#.# #.##
#.##.. ..# #
..##.. ##
#...#.. ## #.
#.. ## ##.
..#..###.# ##
. #
##...##4.###
.# . # #...#
##♣# # # .
##. #.#
#32x3# .. ...
# . #.4#X.##
# . . #
#.##5.... ##.
.
##...#...##.#
#.. . #..##.#
.. .. # # #..
#.## .# #
.#.) #.# # ##
#. #. ##


You could see a sun demon, a shadow demon, a large abomination, an ice devil, a
ynoxinul, a red devil, a small abomination and an ufetubus.

Vanquished Creatures
  2 tentacled starspawn (Abyss:1)
  A very ugly thing (Abyss:1)
  Harold (D:7)
  Fannar (D:11)
  3 hydras
  A death knight (D:11)
  2 two-headed ogres
  Nergalle (Orc:1)
  Urug (D:13)
  3 orc high priests (Orc:2)
  A skeletal warrior (D:11)
  3 large abominations (Abyss:1)
  2 unseen horrors
  2 deep elf magi (D:13)
  9 orc knights
  4 orc sorcerers (Orc:2)
  An ugly thing (D:12)
  A cyclops (D:11)
  2 gargoyles
  5 spiny frogs
  A rime drake (Lair:1)
  A komodo dragon (Lair:1)
  9 trolls
  2 polar bears (Lair:2)
  3 blink frogs (Lair:1)
  6 hippogriffs
  11 slime creatures
  Sigmund (D:2)
  3 wraiths (D:11)
  22 yaks
  A wyvern (D:12)
  2 steam dragons
  A basilisk (D:13)
  A hungry ghost (D:12)
  A warg (Orc:2)
  Menkaure (D:5)
  2 insubstantial wisps (D:9)
  2 water moccasins
  Duvessa (D:7)
  33 orc warriors
  6 porcupines
  11 ice beasts
  9 sky beasts
  A necrophage (D:8)
  2 phantoms
  3 black bears
  11 ogres
  A small abomination (Abyss:1)
  14 wolves
  6 crocodiles
  6 centaurs
  Blork the orc (D:6)
  3 bullfrogs
  Dowan (D:7)
  4 scorpions
  7 killer bees
  17 wights
  5 howler monkeys
  3 electric eels
  5 centaur zombies
  3 crimson imps
  5 jellies
  9 hounds
  18 orc priests
  A bullfrog skeleton (D:10)
  3 centaur skeletons
  3 iguanas
  Terence (D:2)
  22 orc wizards
  Natasha (thrice) (D:3)
  7 worker ants
  A hound zombie (D:8)
  A worker ant zombie (D:8)
  12 gnolls
  10 adders
  2 shadow imps
  A white imp (Lair:2)
  8 oozes
  4 adder zombies
  2 adder skeletons
  3 worms
  3 dart slugs
  8 leopard geckos
  93 orcs
  A ball python (D:3)
  6 giant cockroaches
  9 goblins
  9 hobgoblins
  16 jackals
  9 kobolds
  10 quokkas
  11 bats
  6 frilled lizards
  A quokka zombie (D:9)
  9 rats
  A fungus (Lair:2)
  A starspawn tentacle (Abyss:1)
578 creatures vanquished.

Vanquished Creatures (collateral kills)
  A kobold demonologist (D:12)
  A centaur (D:12)
  A bullfrog (D:8)
  A gnoll (D:7)
4 creatures vanquished.

Vanquished Creatures (others)
  An orc (Orc:1)
  A fungus (Lair:2)
  6 starspawn tentacles (Abyss:1)
8 creatures vanquished.

Grand Total: 590 creatures vanquished

Notes
Turn   | Place    | Note
-------+----------+-------------------------------------------
     0 | D:1      | Lugonue the Hill Orc Fighter began the quest for the Orb.
     0 | D:1      | Reached XP level 1. HP: 19/19 MP: 1/1
   108 | D:1      | Reached XP level 2. HP: 25/27 MP: 2/2
   221 | D:1      | Reached skill level 3 in Axes
   287 | D:1      | Reached XP level 3. HP: 33/33 MP: 3/3
   718 | D:2      | Noticed Sigmund
   736 | D:2      | Killed Sigmund
   736 | D:2      | Reached skill level 5 in Axes
   736 | D:2      | Reached XP level 4. HP: 17/41 MP: 4/4
   736 | D:2      | Reached XP level 5. HP: 19/47 MP: 5/5
  1338 | D:2      | Reached XP level 6. HP: 53/53 MP: 6/6
  1636 | D:2      | Noticed Terence
  1653 | D:2      | Killed Terence
  1756 | D:2      | Reached skill level 6 in Axes
  2059 | D:3      | Noticed Natasha
  2070 | D:3      | Killed Natasha
  2436 | D:3      | Noticed Natasha
  2451 | D:3      | Killed Natasha
  2451 | D:3      | Reached XP level 7. HP: 40/60 MP: 7/7
  2520 | D:3      | Noticed Natasha
  2525 | D:3      | Killed Natasha
  2525 | D:3      | Reached skill level 5 in Fighting
  2525 | D:3      | Reached skill level 7 in Axes
  3171 | D:4      | Found Cenas's Distillery.
  3182 | D:4      | Bought a potion of heal wounds for 55 gold pieces
  3427 | D:4      | Reached skill level 5 in Shields
  3435 | D:4      | Found a sparkling altar of Nemelex Xobeh.
  3709 | D:5      | Entered Level 5 of the Dungeon
  3743 | D:5      | Found a blossoming altar of Fedhas.
  3824 | D:5      | Reached skill level 8 in Axes
  3840 | D:5      | Reached skill level 5 in Armour
  3847 | D:5      | Found a staircase to the Ecumenical Temple.
  3857 | Temple   | Entered the Ecumenical Temple
  3862 | Temple   | Became a worshipper of Makhleb the Destroyer
  3872 | D:5      | Reached XP level 8. HP: 58/69 MP: 8/8
  3983 | D:5      | Noticed Menkaure
  3998 | D:5      | Killed Menkaure
  3998 | D:5      | Reached skill level 9 in Axes
  4453 | D:5      | Found a large runed translucent door.
  4453 | D:5      | Found a large runed translucent door.
  4470 | D:5      | Noticed Gruesome's ghost (novice TrHu)
  4562 | D:5      | Found a shadowy altar of Dithmenos.
  4840 | D:6      | Reached * piety under Makhleb
  4886 | D:6      | Noticed Blork the orc
  4900 | D:6      | Killed Blork the orc
  4926 | D:6      | Reached skill level 10 in Axes
  5267 | D:7      | Noticed Duvessa
  5268 | D:7      | Noticed Dowan
  5283 | D:7      | Killed Duvessa
  5283 | D:7      | Reached XP level 9. HP: 66/78 MP: 9/9
  5294 | D:7      | Killed Dowan
  5361 | D:7      | Noticed Harold
  5381 | D:7      | Killed Harold
  5381 | D:7      | Reached skill level 11 in Axes
  5381 | D:7      | Reached skill level 1 in Throwing
  5962 | D:8      | Noticed a two-headed ogre
  5971 | D:8      | Reached ** piety under Makhleb
  6181 | D:8      | Found Niapumots's Magic Scroll Shoppe.
  6192 | D:8      | Bought a scroll of blinking for 105 gold pieces
  6295 | D:8      | Reached skill level 12 in Axes
  6358 | D:8      | Reached XP level 10. HP: 86/86 MP: 10/10
  6646 | D:8      | Killed a two-headed ogre
  7158 | D:9      | Noticed an unseen horror
  7191 | D:9      | Killed an unseen horror
  7201 | D:9      | Reached *** piety under Makhleb
  7205 | D:9      | Reached skill level 13 in Axes
  7329 | D:9      | Got a crude leather armour
  7340 | D:9      | Identified the +0 leather armour of the City {+Inv rC-
                  | Slay+2} (You found it on level 9 of the Dungeon)
  7534 | D:9      | Reached XP level 11. HP: 78/94 MP: 7/11
  7549 | D:9      | Reached skill level 10 in Armour
  7987 | D:10     | Entered Level 10 of the Dungeon
  8046 | D:10     | Reached **** piety under Makhleb
  8071 | D:10     | Found a staircase to the Lair.
  8577 | D:11     | Noticed a seven-headed hydra
  8604 | Lair:1   | Entered Level 1 of the Lair of Beasts
  8630 | Lair:1   | Reached skill level 14 in Axes
  8917 | Lair:1   | Noticed an eight-headed hydra
  8940 | Lair:1   | Killed an eight-headed hydra
  9738 | D:11     | Reached ***** piety under Makhleb
  9809 | D:11     | Noticed a cyclops
  9818 | D:11     | Killed a cyclops
  9818 | D:11     | Reached skill level 1 in Evocations
  9871 | D:11     | Noticed a skeletal warrior
  9884 | D:11     | Killed a skeletal warrior
  9884 | D:11     | Reached XP level 12. HP: 76/104 MP: 7/13
  9892 | D:11     | Noticed a death knight
  9912 | D:11     | Killed a death knight
  9912 | D:11     | Reached skill level 15 in Axes
 10008 | D:11     | Found a staircase to the Orcish Mines.
 10033 | D:11     | Noticed Fannar
 10034 | D:11     | Gained mutation: Your spells are a little harder to cast,
                  | but a little more powerful. [potion of mutation]
 10034 | D:11     | Gained mutation: Your flesh is cold resistant. (rC+)
                  | [potion of mutation]
 10055 | D:11     | Killed Fannar
 10055 | D:11     | Reached skill level 10 in Fighting
 10756 | D:11     | Reached skill level 10 in Shields
 11105 | Orc:1    | Entered Level 1 of the Orcish Mines
 11127 | Orc:1    | Reached skill level 16 in Axes
 11131 | Orc:1    | Noticed Nergalle
 11150 | Orc:1    | Killed Nergalle
 11168 | Orc:1    | You fall into a shaft and drop 1 floor!
 11168 | Orc:2    | Entered Level 2 of the Orcish Mines
 11168 | Orc:2    | Found a staircase to the Elven Halls.
 11309 | Orc:2    | Found Puqa Huwke's General Store.
 11324 | Orc:2    | Bought a wand of digging (6) for 260 gold pieces
 11675 | Orc:2    | Found Yxkawa Qizxu's Magic Scroll Shoppe.
 11685 | Orc:2    | Reached ****** piety under Makhleb
 11691 | Orc:2    | Noticed an orc high priest
 11703 | Orc:2    | Noticed an orc high priest
 11719 | Orc:2    | Reached XP level 13. HP: 66/116 MP: 7/14
 12192 | Orc:2    | Found Aqoriano's Food Boutique.
 12198 | Orc:2    | Found Gesteunog's Distillery.
 12200 | Orc:2    | Found Ded Miff's Book Shoppe.
 12206 | Orc:2    | Bought a potion of heal wounds for 75 gold pieces
 12206 | Orc:2    | Bought a potion of heal wounds for 75 gold pieces
 12216 | Orc:2    | Bought 2 scrolls of enchant weapon for 225 gold pieces
 12344 | Orc:1    | Reached skill level 17 in Axes
 12382 | Orc:1    | HP: 3/117 [orc warrior/cursed -2 hand axe (13)]
 12752 | Orc:1    | Noticed Maurice
 13215 | D:12     | Found Fiof's Food Boutique.
 13657 | D:13     | Reached skill level 1 in Invocations
 13667 | D:13     | Got a brightly glowing flail
 13668 | D:13     | Identified the +7 flail "Pibeanel" {freeze, Str+2} (You
                  | found it on level 13 of the Dungeon)
 13825 | D:13     | Noticed a vault guard
 13834 | D:13     | Noticed a vault guard
 13880 | D:13     | Reached XP level 14. HP: 60/127 MP: 9/16
 13946 | D:13     | Noticed Urug
 13968 | D:13     | Killed Urug
 14741 | Lair:2   | Found a staircase to the Snake Pit.
 15471 | Lair:3   | You fall into a shaft and drop 2 floors!
 15536 | Lair:5   | Noticed Sonja
 15542 | Lair:5   | Cast into level 1 of the Abyss (Sonja)
 15545 | Abyss:1  | Noticed a tentacled starspawn
 15561 | Abyss:1  | Killed a tentacled starspawn
 15561 | Abyss:1  | Reached skill level 18 in Axes
 15565 | Abyss:1  | Reached skill level 5 in Invocations
 15584 | Abyss:1  | Noticed a tentacled starspawn
 15601 | Abyss:1  | Killed a tentacled starspawn
 16256 | Abyss:1  | Noticed a brown very ugly thing
 16284 | Abyss:1  | Killed a brown very ugly thing
 16305 | Abyss:1  | HP: 4/193 [sun demon[a shadow demon] (11)]
 16305 | Abyss:1  | HP: 1/193 [small abomination (3)]
 16305 | Abyss:1  | Slain by a shadow demon

Levels and vault maps discovered:
D:1:      dpeg_arrival_line_fractal, layout_basic
D:2:      layout_loops_corners, minmay_tromino_mix6, uniq_terence, uniq_sigmund
D:3:      layout_loops_ring, minmay_fractal_squares_gapless_5, uniq_natasha
D:4:      layout_basic, nicolae_overflow_crystal_walls, portal_sewer_entry_b,
          first_ration, serial_shops, shop
D:5:      layout_loops_ring, minmay_temple_entry_mist,
          ebering_ghost_disaster_area, basic_altar, grunt_dithmenos_shadows,
          uniq_menkaure
D:6:      layout_rooms, uniq_blork_the_orc
D:7:      layout_basic, uniq_duvessa, uniq_harold
D:8:      layout_cave_pods, serial_shops, nicolae_shop_statue_plus,
          hangedman_little_slice_of_home
D:9:      layout_loops_ring, nicolae_lava_and_water, hangedman_misty_isle
D:10:     layout_roguey, erik_lair_island, chequers_jeans
D:11:     layout_layer_cave, erik_orc_3, billiards_dpeg, uniq_fannar
D:12:     layout_big_octagon, serial_shops, nicolae_shop_crystal,
          kennysheep_generic_room_14
D:13:     layout_irregular_city, grunt_vaults_entry_fortified, basic_altar,
          minivault_29, uniq_urug, uniq_snorg
Temple:   dpeg_three_leaves_temple
Lair:1:   layout_regular_city, serial_rivers, chequers_serial_rivers_small_3,
          chequers_serial_rivers_room_a, chequers_serial_rivers_small_3,
          chequers_serial_rivers_micro_a, grunt_megastairs_1
Lair:2:   layout_small_grid, dummy_snake_entry, ice2_lemuel
Lair:3:   layout_layer_cave, grunt_megastairs_3
Lair:5:   layout_gridlike, uniq_sonja
Orc:1:    layout_caves, special_room [special_room_orc], uniq_nergalle,
          uniq_maurice
Orc:2:    st_orc_elflike, layout_caves, serial_shops, shop
Abyss:1:  base: D:5, guppyfry_abyss_exit_glass_guarded

Skill      XL: |  1  2  3  4  5  6  7  8  9 10 11 12 13 14 |
---------------+-------------------------------------------+-----
Fighting       | 4 5 6 7 9 11 12 13 | 13.5
Axes           | 3 5 6 8 10 12 13 14 16 17 18 | 18.1
Armour         | 4 5 7 9 10 11 12 | 12.9
Shields        | 4 5 6 7 8 9 10 11 12 | 12.3
Throwing       | 1 2 |  2.7
Evocations     | 1 |  1.5
Invocations    | 2 5 |  5.6
Dodging        | |  0.3

Action                   |  1- 3 |  4- 6 |  7- 9 | 10-12 | 13-15 || total
-------------------------+-------+-------+-------+-------+-------++-------
Melee: War axe           |    88 |   116 |   410 |   753 |   513 ||  1880
       Flail             |       |       |       |       |    11 ||    11
Throw: Dart              |       |    17 |    40 |    21 |     5 ||    83
       Throwing net      |       |       |     1 |     1 |       ||     2
       Javelin           |       |       |       |    13 |       ||    13
       Boomerang         |       |       |       |       |    13 ||    13
Invok: Lesser Servant of |       |       |       |       |     3 ||     3
Evoke: Wand              |       |       |     5 |    11 |     2 ||    18
       Fan of gales      |       |       |       |     1 |       ||     1
       Phial of floods   |       |       |       |     1 |       ||     1
       Tremorstone       |       |       |       |     1 |       ||     1
  Use: Potion            |     1 |     3 |     3 |     1 |    11 ||    19
       Scroll            |       |     8 |     4 |    20 |    11 ||    43
 Stab: Confused          |       |       |       |     1 |       ||     1
  Eat: Chunk             |       |     5 |     9 |    15 |     5 ||    34
       Ration            |       |       |     1 |     1 |     3 ||     5
Armor: Scale mail        |    41 |    57 |    16 |       |       ||   114
       Plate armour      |       |       |   186 |   395 |   205 ||   786
       Skin              |       |       |       |       |     1 ||     1
Dodge: Dodged            |    34 |    44 |    51 |   152 |   104 ||   385
Block: Kite shield       |    66 |    59 |   191 |   397 |   287 ||  1000

Table legend:
 A = Non-vault XP
 B = Vault XP
 C = Vault XP percentage of total XP
 D = Non-vault monster count
 E = Vault monster count
 F = Vault count percentage of total count
                 A         B        C        D         E       F
            +---------+---------+-------+---------+---------+-------
      Total |   51627 |   21832 |  29.7 |     458 |     122 |  21.0
            +---------+---------+-------+---------+---------+-------
        D:1 |      51 |       0 |   0.0 |      28 |       0 |   0.0
        D:2 |     142 |     268 |  65.4 |      31 |       3 |   8.8
        D:3 |     219 |      52 |  19.2 |      27 |       4 |  12.9
        D:4 |     230 |       0 |   0.0 |      17 |       0 |   0.0
        D:5 |     491 |     302 |  38.1 |      27 |       2 |   6.9
        D:6 |     433 |     100 |  18.8 |      10 |       1 |   9.1
        D:7 |     306 |    1225 |  80.0 |      10 |       3 |  23.1
        D:8 |    2669 |     163 |   5.8 |      43 |       8 |  15.7
        D:9 |    2662 |     909 |  25.5 |      34 |       6 |  15.0
       D:10 |    2828 |     963 |  25.4 |      30 |       8 |  21.1
       D:11 |    6842 |    2722 |  28.5 |      42 |      25 |  37.3
       D:12 |    8699 |      85 |   1.0 |      39 |       2 |   4.9
       D:13 |    4892 |    1348 |  21.6 |      31 |       5 |  13.9
     Lair:1 |    3523 |     807 |  18.6 |      12 |       3 |  20.0
     Lair:2 |    1809 |    1261 |  41.1 |      14 |       8 |  36.4
     Lair:3 |    2123 |       0 |   0.0 |      10 |       0 |   0.0
     Lair:5 |     411 |       0 |   0.0 |       1 |       0 |   0.0
      Orc:1 |    2514 |    3430 |  57.7 |      24 |      19 |  44.2
      Orc:2 |    2183 |    8197 |  79.0 |      21 |      25 |  54.3
    Abyss:1 |    8600 |       0 |   0.0 |       7 |       0 |   0.0
            +---------+---------+-------+---------+---------+-------
